 Dungeon Crawl Stone Soup version 0.18-a0-844-g9229740 (webtiles) character file.

1374 Kolbur the Covert (level 8, -2/48 HPs)
             Began as a Kobold Berserker on Dec 19, 2015.
             Was a Believer of Trog.
             Slain by a killer bee (3 damage)
             ... on level 8 of the Dungeon.
             The game lasted 00:23:29 (1367 turns).

Kolbur the Covert (Kobold Berserker)                Turns: 1367, Time: 00:23:29

Health: -2/48      AC:  7    Str: 16    XL:     8   Next: 98%
Magic:  8/8        EV: 16    Int:  5    God:    Trog [**....]
Gold:   34         SH:  0    Dex: 17    Spells: 0 memorised, 7 levels left

rFire  . . .     SeeInvis .     a - +2 dagger (venom)
rCold  . . .     Gourm    .     d - +0 ring mail
rNeg   + + .     Faith    .     (shield restricted)
rPois  +         Spirit   .     (no helmet)
rElec  +         Dismiss  .     (no cloak)
rCorr  .         Reflect  .     j - +1 pair of gloves of Music {rElec rPois rN++}
SustAt .         Harm     .     (no boots)
MR     ++...                    (no amulet)
Stlth  ++++++....               (no ring)
                                e - ring of stealth

@: lethally poisoned (-2 -> -2), regenerating, very resistant to hostile
enchantments, very stealthy
A: carnivore 3
a: Berserk, Trog's Hand, Burn Spellbooks, Renounce Religion


You were on level 8 of the Dungeon.
You worshipped Trog.
Trog was pleased with you.
You were not hungry.

You visited 1 branch of the dungeon, and saw 9 of its levels.

You collected 34 gold pieces.

Inventory:

Hand Weapons
 a - a +2 dagger of venom (weapon)
 b - a +0 blowgun
Missiles
 f - 15 poisoned needles
 h - 5 tomahawks (quivered)
 l - 33 stones
Armour
 d - a +0 ring mail (worn)
 j - the +1 pair of gloves of Music (worn) {rElec rPois rN++}
   (You found it on level 4 of the Dungeon)

   It insulates you from electricity.
   It protects you from poison.
   It greatly protects you from negative energy.
Jewellery
 e - a ring of stealth (left hand)
Scrolls
 k - a scroll of fog
Potions
 g - 3 potions of magic
 i - a potion of brilliance
 s - a potion of mutation
 t - a potion of degeneration {unknown}
 u - a potion of invisibility {unknown}
Comestibles
 c - 5 meat rations
 m - 2 slices of pizza


   Skills:
 - Level 4.0 Fighting
 - Level 8.0 Short Blades
 - Level 2.1 Throwing
 - Level 1.5 Armour
 + Level 4.6 Dodging
 + Level 10.6 Stealth


You had 7 spell levels left.
You didn't know any spells.

Dungeon Overview and Level Annotations

Branches:
Dungeon (9/15)
 Temple: D:4-7         Lair: D:8-11         Orc: D:9-12

Altars:
Cheibriados
Qazlal

Shops:
D:7 }


Innate Abilities, Weirdness & Mutations

You are small and have problems with some larger weapons.
You are carnivorous and can eat meat at any time.


Message History

A killer bee comes into view.
Firing (i - inventory. (,) - cycle):
f - 16 poisoned needles (quivered)
Press: ? - help, Shift-Dir - straight line, f - killer bee
Aim: a killer bee (hasn't noticed you)
You shoot a poisoned needle.
The poisoned needle barely misses the killer bee.
Wield which item (- for none, * to show all)? (? for menu, Esc to quit)
It begins to drip with poison!
a - a +2 dagger of venom (weapon)
The killer bee stings you!
* * * LOW HITPOINT WARNING * * *
You are poisoned.
The killer bee poisons you!
Your skin crawls.
You feel resistant to hostile enchantments.
You feel slightly more hungry.
You feel sick. The killer bee barely misses you. The killer bee stings you!
* * * LOW HITPOINT WARNING * * *
You feel sick. The killer bee stings you.
You die...

#.###.#### #.# #.......#
#..,.....# #.#######
###.##### ###*#.##.#
##....,..# #.#
#.##.####...##*#.# #.#
######......#.....###.#####.#
............##...#..........#
#######............##.#######
#.....###..####.# #.....#
#.@.....# ####### #y#######
#.# #.# #(# ### #.#
########.######.######
*******
#.......#............#
*,,,,,*
#........#####%.#.##.#
**,***,*


You could see a killer bee.

Vanquished Creatures
  A hippogriff (D:9)
  A phantom (D:8)
  An ice beast (D:8)
  An ogre (D:4)
  A giant frog (D:7)
  14 killer bees
  An orc priest (D:8)
  6 orc wizards
  3 worker ants
  A hound skeleton (D:4)
  An adder (D:4)
  A worm (D:4)
  12 orcs
  3 giant cockroaches
  2 hobgoblins (D:3)
  A kobold (D:3)
  A bat (D:3)
  A jackal skeleton (D:7)
  A quokka (D:7)
53 creatures vanquished.

Notes
Turn   | Place    | Note
--------------------------------------------------------------
     0 | D:1      | Kolbur the Kobold Berserker began the quest for the Orb.
     0 | D:1      | Reached XP level 1. HP: 14/14 MP: 1/1
   111 | D:3      | Reached skill level 1 in Stealth
   214 | D:3      | Reached XP level 2. HP: 9/19 MP: 2/2
   235 | D:4      | Reached XP level 3. HP: 12/23 MP: 3/3
   261 | D:4      | Noticed an ogre
   267 | D:4      | Found a stormy altar of Qazlal.
   276 | D:4      | Killed an ogre
   276 | D:4      | Reached skill level 5 in Stealth
   276 | D:4      | Reached XP level 4. HP: 8/28 MP: 4/4
   276 | D:4      | Reached XP level 5. HP: 9/32 MP: 5/5
   360 | D:4      | Noticed a phantom
   394 | D:5      | Entered Level 5 of the Dungeon
   467 | D:4      | Got a pair of dazzling gloves
   473 | D:4      | Identified the +1 pair of gloves of Music {rElec rPois rN++} (You found it on level 4 of the Dungeon)
   550 | D:4      | Reached skill level 6 in Stealth
   550 | D:4      | Reached XP level 6. HP: 25/37 MP: 6/6
   594 | D:5      | Found a snail-covered altar of Cheibriados.
   726 | D:7      | Reached skill level 5 in Short Blades
   730 | D:7      | Reached skill level 7 in Stealth
   732 | D:7      | Reached ** piety under Trog
   767 | D:7      | Reached skill level 8 in Stealth
   767 | D:7      | Reached XP level 7. HP: 33/41 MP: 7/7
   896 | D:7      | Found Iniuthra's Gadget Shop.
   953 | D:9      | Noticed a troll
   953 | D:9      | Noticed a hippogriff
   954 | D:9      | Killed a hippogriff
   954 | D:9      | Reached skill level 9 in Stealth
   954 | D:9      | Reached XP level 8. HP: 46/46 MP: 8/8
  1163 | D:8      | Reached skill level 10 in Stealth
  1332 | D:8      | HP: 2/48 [killer bee (7)]
  1366 | D:8      | HP: 1/48 [killer bee (7)]
  1367 | D:8      | Slain by a killer bee

Vault maps used:
D:1:      lemuel_arrival_river_passageway
D:2:      okawaru_trees_1, first_bread, uniq_terence, uniq_iyjb
D:3:      overflow_temple_1_default, serial_glass, glass_columns_c,
          glass_columns_c, due_unseen_surprise, feat_on_display, uniq_sigmund,
          uniq_natasha, uniq_crazy_yiuf_cottage
D:4:      nicolae_qazlal_general_emergency, nicolae_ossuary_entry_giza,
          nrook_mini_vaults, uniq_pikel
D:5:      slow_altar_2, grunt_dithmenos_smoke, minmay_temple_entry_fiery
D:6:      lemuel_coloured_pillars_altar, yredelemnul_altar_generic
D:7:      serial_shops, kennysheep_mini_moat, shop_fountains, elyvilon_altar_4
D:8:      kennysheep_little_box, david_nohive_1, minmay_holes
D:9:      zin_academy, nicolae_overflow_crystal_walls,
          grunt_temple_overflow_open, dpeg_oklobed_lair, serial_shops,
          nicolae_shop_behind_doors, basic_altar

Action                   |  1- 3 |  4- 6 |  7- 9 || total
-------------------------+-------+-------+-------++-------
Melee: Short sword       |     8 |       |       ||     8
       Dagger            |    18 |    43 |    67 ||   128
 Fire: Blowgun           |     4 |    10 |    14 ||    28
Throw: Tomahawk          |       |       |     4 ||     4
Invok: Berserk           |     1 |     1 |     2 ||     4
       Trog's Hand       |       |       |     3 ||     3
  Use: Scroll            |       |       |     7 ||     7
       Potion            |       |       |     1 ||     1
 Stab: Sleeping          |     3 |    14 |    11 ||    28
  Eat: Chunk             |       |     8 |       ||     8

Vault maps used:
D:1:      lemuel_arrival_river_passageway
D:2:      okawaru_trees_1, first_bread, uniq_terence, uniq_iyjb
D:3:      overflow_temple_1_default, serial_glass, glass_columns_c,
          glass_columns_c, due_unseen_surprise, feat_on_display, uniq_sigmund,
          uniq_natasha, uniq_crazy_yiuf_cottage
D:4:      nicolae_qazlal_general_emergency, nicolae_ossuary_entry_giza,
          nrook_mini_vaults, uniq_pikel
D:5:      slow_altar_2, grunt_dithmenos_smoke, minmay_temple_entry_fiery
D:6:      lemuel_coloured_pillars_altar, yredelemnul_altar_generic
D:7:      serial_shops, kennysheep_mini_moat, shop_fountains, elyvilon_altar_4
D:8:      kennysheep_little_box, david_nohive_1, minmay_holes
D:9:      zin_academy, nicolae_overflow_crystal_walls,
          grunt_temple_overflow_open, dpeg_oklobed_lair, serial_shops,
          nicolae_shop_behind_doors, basic_altar

Table legend:
 A = Turns spent in this place as a percentage of turns spent in the entire game.
 B = Non-inter-level travel turns spent in this place as a percentage of non-inter-level travel turns spent in the entire game.
 C = Inter-level travel turns spent in this place as a percentage of turns spent in this place.
 D = Turns resting spent in this place as a percentage of non-inter-level travel turns spent in this place.
 E = Turns spent auto-exploring this place as a percentage of non-inter-level travel turns spent in this place.
 F = Non-inter-level travel turns spent in this place divided by the number of levels of this place that you've seen.
                   A       B       C       D       E      F
               +-------+-------+-------+-------+-------+----------------------
         Total | 100.0 | 100.0 |   0.1 |   0.0 |   0.0 | 144.2
       Dungeon | 100.0 | 100.0 |   0.1 |   0.0 |   0.0 | 144.2
               +-------+-------+-------+-------+-------+----------------------
